Map: King's Cove LE

Players

Mez - Winner!

  • Race: Terran Terran
  • League: Master
  • Spawn Location: 11:00

StatiC

  • Race: Protoss Protoss
  • League: Master
  • Spawn Location: 5:00

VOD

Have the link to the VOD?

Description

Time

  • Played on: Aug. 16, 2019, 7:51 p.m.
  • Length: 18:56
Show
View Real Time Build Order
Export as new Build Order

Mez Terran - Winner!

Build Orders: Reaper Expand 

Get SALT Encoding   

  12  0:00  SCV  
  13  0:12  SCV  
  14  0:18  Supply Depot  
  14  0:25  SCV  
  15  0:40  SCV, Barracks  
  16  0:46  Refinery  
  16  0:52  SCV  
  17  1:04  SCV  
  18  1:18  SCV  
  19  1:31  Reaper, Orbital Command  
  20  1:45  Command Center  
  20  1:57  Supply Depot  
  20  2:00  Bunker  
  21  2:01  SCV  
  21  2:04  Barracks Reactor  
  21  2:13  SCV  
  22  2:25  SCV  
  23  2:39  SCV  
  23  2:40  Marine  
  23  2:41  Marine  
  23  2:42  Command Center  
  26  2:50  Factory  
  26  2:54  SCV  
  27  3:08  Marine  
  27  3:09  Marine  
  29  3:13  SCV  
  30  3:21  Orbital Command  
  30  3:25  Refinery  
  30  3:26  SCV, Marine x2  
  33  3:34  Widow Mine  
  33  3:37  Starport  
  33  3:38  SCV  
  36  3:43  Refinery  
  36  3:47  SCV  
  37  3:50  SCV  
  39  3:57  Orbital Command  
  39  3:59  SCV  
  39  4:02  SCV, Factory Tech Lab  
  40  4:08  Marine  
  40  4:09  Marine  
  42  4:12  SCV  
  42  4:14  SCV  
  44  4:18  Starport Tech Lab  
  44  4:22  Siege Tank  
  44  4:24  SCV  
  48  4:26  SCV  
  49  4:34  Marine x2  
  49  4:36  Raven, Supply Depot  
  53  4:39  Supply Depot  
  53  4:40  Barracks  
  53  4:41  SCV x2  
  53  4:43  SCV  
  56  4:53  Barracks  
  56  4:54  Siege Tank  
  56  4:59  Marine x2  
  61  5:01  SCV x2  
  61  5:02  SCV  
  64  5:07  Supply Depot  
  64  5:10  Refinery  
  62  5:31  SCV x3, Supply Depot  
  62  5:32  Supply Depot  
  65  5:38  Engineering Bay x2  
  65  5:42  Starport Reactor  
  65  5:43  SCV x2, Factory Reactor  
  65  5:44  Stimpack  
  67  5:56  Combat Shield  
  65  5:57  Marine x4  
  65  6:00  Supply Depot  
  69  6:04  SCV  
  69  6:06  Supply Depot  
  69  6:10  SCV x2  
  72  6:16  SCV  
  72  6:18  Terran Infantry Armor Level 1, Terran Infantry Weapons Level 1  
  73  6:23  Marine x2, Marauder x2  
  79  6:25  Medivac  
  79  6:27  Medivac  
  79  6:31  Widow Mine  
  79  6:32  Widow Mine  
  87  6:44  Barracks  
  87  6:46  Marine x3, Barracks  
  87  6:47  Marauder  
  89  6:50  SCV x2  
  89  6:54  Missile Turret  
  89  6:55  Widow Mine x2, Missile Turret  
  93  7:06  SCV x2  
  95  7:10  Marine x2  
  95  7:11  Marauder x2  
  95  7:12  Medivac x2  
  95  7:13  Orbital Command  
  104  7:17  Widow Mine x2  
  108  7:37  Marauder x2, Supply Depot  
  108  7:38  Barracks Reactor, Widow Mine, Barracks Tech Lab  
  108  7:39  SCV x3, Supply Depot  
  108  7:40  Supply Depot  
  108  7:41  Supply Depot  
  117  7:58  Concussive Shells, Armory  
  117  7:59  Widow Mine, Marine x2, Medivac x2  
  117  8:03  Marauder x3  
  131  8:05  Supply Depot  
  131  8:10  SCV x3  
  134  8:14  Refinery  
  130  8:20  Starport  
  127  8:28  Marine x4, Marauder x3  
  127  8:32  Viking x2  
  141  8:36  SCV x2  
  141  8:39  SCV  
  144  8:41  Refinery, Supply Depot  
  144  8:48  SCV x2  
  146  9:04  Marine x3, Marauder x3  
  146  9:05  Viking x3  
  158  9:10  Missile Turret  
  158  9:16  Marine  
  151  9:22  Marine x3  
  150  9:32  Marauder x3  
  150  9:34  Marine  
  155  9:38  Viking x3  
  155  9:39  Marine x2, Terran Infantry Weapons Level 2  
  163  9:54  Marauder  
  163  9:56  Command Center  
  165  10:03  SCV x3  
  165  10:06  Supply Depot  
  168  10:07  Supply Depot  
  168  10:13  Viking x2  
  172  10:15  Viking, SCV x2  
  176  10:22  Marauder x2  
  176  10:24  Marine  
  183  10:28  Marauder  
  183  10:36  Terran Infantry Armor Level 2, Terran Ship Weapons Level 1  
  183  10:39  Supply Depot x2  
  183  10:46  Barracks  
  183  10:47  Starport Tech Lab  
  183  10:48  Barracks  
  183  10:54  Ghost Academy  
  183  11:06  Liberator x3  
  178  11:22  Marine x4, Marauder x3  
  122  11:40  Marine x2, Barracks  
  122  11:44  Marauder x3  
  128  11:49  Liberator  
  128  11:50  Marine x2  
  128  11:57  Fusion Core  
  122  12:05  Marine x4, Marauder x3  
  128  12:14  Marine x2  
  122  12:18  Planetary Fortress  
  122  12:19  Missile Turret  
  122  12:20  SCV x3  
  119  12:23  Marine x4  
  119  12:26  Marauder x2  
  122  12:35  Medivac x2  
  123  12:39  Marine x2  
  123  12:40  Barracks Reactor  
  123  12:42  Barracks Tech Lab  
  123  12:43  Barracks Tech Lab  
  123  12:44  Widow Mine  
  123  12:45  Widow Mine  
  123  12:48  Refinery x2  
  123  12:49  Medivac  
  129  13:01  Ghost x3  
  129  13:05  Advanced Ballistics, Medivac  
  137  13:06  Hellion  
  137  13:07  Terran Infantry Armor Level 3, Terran Infantry Weapons Level 3  
  137  13:11  Terran Ship Weapons Level 2  
  139  13:22  Viking  
  139  13:23  Viking  
  143  13:27  Marine  
  143  13:28  Marine x5, Marauder x2  
  143  13:30  Marine x2  
  143  13:31  Marauder  
  157  13:35  Viking  
  159  13:43  Starport  
  159  13:45  Widow Mine, Marine x2  
  159  13:46  Widow Mine, Marine x2  
  167  13:52  Ghost  
  167  13:53  Ghost  
  167  13:54  Marine x2, Marauder x3  
  179  14:03  Viking, Marine x2, Command Center  
  179  14:04  Viking  
  179  14:05  Viking  
  183  14:15  Marine x4, Marauder x3  
  193  14:21  Marine x2  
  193  14:22  Marauder  
  197  14:24  Marauder  
  199  14:32  Marine  
  199  14:35  Starport Reactor  
  200  14:38  Supply Depot  
  200  14:57  Command Center  
  200  14:58  Command Center  
  200  15:12  Marine, Marauder  
  179  15:32  Marine x2, Marauder  
  179  15:33  Viking, Marine, Marauder x2  
  179  15:34  Viking x3  
  190  15:38  Marine x3, Marauder  
  190  15:39  Marauder  
  196  15:50  Marine  
  176  16:00  Viking  
  176  16:03  Viking  
  161  16:18  Viking x3  
  166  16:20  Marine x3  
  166  16:21  Marine x7  
  166  16:22  Marine  
  177  16:30  Viking  
  168  16:33  Viking  
Show
View Real Time Build Order
Export as new Build Order

StatiC Protoss 

Build Orders: 1 Gate Expand, Colossus Rush 

Get SALT Encoding   

  12  0:00  Probe  
  13  0:13  Probe  
  14  0:18  Pylon  
  14  0:25  Probe  
  15  0:36  Probe  
  15  0:37  Gateway  
  16  0:44  Probe  
  16  0:48  Assimilator  
  17  0:54  Probe  
  18  1:06  Probe  
  19  1:18  Probe  
  20  1:29  Nexus  
  20  1:42  Cybernetics Core  
  20  1:46  Probe  
  21  1:51  Pylon  
  21  2:00  Probe, Assimilator  
  22  2:08  Adept  
  22  2:12  Probe  
  23  2:19  Warp Gate  
  25  2:24  Probe  
  25  2:26  Gateway  
  26  2:34  Stalker, Pylon  
  26  2:36  Probe  
  27  2:44  Probe  
  29  2:49  Probe  
  31  2:52  Probe  
  32  3:01  Probe x2  
  33  3:13  Probe x2  
  35  3:22  Probe  
  35  3:25  Probe  
  35  3:26  Stalker, Stargate  
  39  3:30  Probe  
  39  3:34  Stalker  
  41  3:38  Probe  
  41  3:40  Probe  
  43  3:47  Pylon  
  44  3:51  Shield Battery  
  44  3:52  Probe x2  
  45  3:59  Assimilator  
  46  4:03  Assimilator  
  46  4:04  Probe  
  46  4:08  Probe  
  47  4:10  Phoenix  
  47  4:14  Sentry, Robotics Facility  
  52  4:17  Probe  
  52  4:23  Pylon  
  52  4:24  Probe  
  54  4:26  Phoenix  
  54  4:30  Pylon  
  54  4:31  Probe  
  57  4:38  Pylon  
  57  4:39  Probe  
  57  4:43  Probe  
  59  4:50  Stalker  
  59  4:52  Probe, Phoenix  
  62  4:57  Probe  
  65  5:03  Robotics Bay, Observer  
  66  5:07  Probe  
  66  5:08  Pylon  
  67  5:16  Probe, Gateway  
  67  5:19  Phoenix  
  70  5:28  Observer  
  71  5:31  Probe  
  72  5:37  Pylon  
  72  5:41  Robotics Facility  
  72  5:44  Phoenix  
  72  5:46  Stalker  
  76  5:51  Colossus, Shield Battery  
  76  5:52  Pylon  
  82  6:11  Phoenix  
  84  6:25  Extended Thermal Lance  
  84  6:27  Nexus, Pylon  
  84  6:28  Probe, Forge  
  85  6:39  Immortal  
  89  6:45  Pylon  
  89  6:53  Colossus  
  96  6:54  Probe x2  
  96  6:57  Pylon  
  97  7:05  Phoenix  
  97  7:06  Protoss Ground Armor Level 1  
  98  7:15  Probe x2  
  100  7:22  Shield Battery  
  100  7:25  Immortal, Pylon  
  104  7:30  Shield Battery  
  104  7:33  Phoenix  
  106  7:42  Stalker, Immortal  
  106  7:43  Probe  
  109  7:57  Stalker  
  115  8:00  Immortal  
  115  8:02  Phoenix  
  115  8:05  Stalker  
  119  8:09  Gateway  
  123  8:15  Colossus  
  130  8:27  Probe x3  
  130  8:28  Assimilator  
  130  8:31  Assimilator, Pylon  
  132  8:47  Phoenix, Twilight Council  
  134  8:50  Pylon  
  134  8:51  Probe x2  
  134  8:52  Probe  
  134  8:53  Pylon  
  137  9:00  Pylon x2  
  137  9:01  Colossus  
  140  9:20  Stalker x4  
  146  9:35  Probe x2  
  148  9:38  Protoss Ground Armor Level 2  
  148  9:39  Photon Cannon, Probe  
  148  9:43  Phoenix  
  149  9:47  Probe  
  149  9:48  Probe  
  149  9:51  Probe  
  154  9:56  Protoss Air Weapons Level 1  
  154  9:57  Immortal  
  154  9:59  Immortal  
  162  10:11  Nexus, Blink  
  162  10:20  Fleet Beacon  
  162  10:23  Pylon  
  162  10:25  Stalker  
  164  10:29  Pylon  
  164  10:35  Phoenix  
  164  10:39  Pylon  
  164  10:41  Stalker x2  
  170  10:51  Stargate  
  170  10:52  Shield Battery  
  170  10:54  Shield Battery  
  170  10:56  Photon Cannon  
  170  10:58  Pylon  
  170  11:00  Phoenix  
  172  11:09  Observer  
  173  11:12  Stalker x3  
  173  11:20  Stalker  
  173  11:24  Colossus  
  141  11:28  Immortal  
  111  11:37  Stalker x3  
  99  11:45  Stalker  
  96  12:03  Stalker  
  96  12:04  Stalker  
  96  12:07  Immortal  
  84  12:17  Phoenix  
  86  12:27  Protoss Ground Weapons Level 1  
  86  12:28  Stalker x3  
  90  12:37  Colossus  
  95  12:45  Probe x4  
  95  12:50  Forge  
  99  12:55  Sentry  
  99  12:57  Probe x2  
  103  13:03  Immortal  
  103  13:04  Probe x2  
  105  13:10  Anion Pulse-Crystals  
  109  13:16  Stalker  
  111  13:31  Tempest  
  111  13:32  Tempest  
  121  13:35  Probe x2  
  121  13:36  Probe x2  
  125  13:47  Assimilator  
  125  13:49  Assimilator  
  125  13:51  Photon Cannon  
  125  13:54  Probe x2  
  125  13:55  Probe  
  128  13:56  Probe  
  128  14:00  Colossus x2  
  137  14:24  Stalker, Templar Archives  
  137  14:25  Stalker x2  
  143  14:33  Shield Battery  
  143  14:42  Tempest x2  
  143  14:48  Stalker x3  
  153  15:14  Stalker x3  
  131  15:47  Nexus  
  96  17:24  Nexus  
Tags
 
Add a new tag
Caveats
  • Supply blocks, unpowered buildings, or Contaminate may cause inaccurate times.
  • Supply counts are checked every 10 seconds.